 Dungeon Crawl Stone Soup version 0.24-a0-524-gf43b32f898 (webtiles) character file.

Game seed: 8696381304802266218

288 Destapler the Sneak (level 6, 0/41 HPs)
             Began as an Octopode Transmuter on July 31, 2019.
             Slain by an orc
             ... wielding a +0 flail
              (7 damage)
             ... on level 4 of the Dungeon.
             The game lasted 00:23:00 (3231 turns).

Destapler the Sneak (Octopode Transmuter)           Turns: 3231, Time: 00:23:00

Health: 0/41       AC:  1    Str:  9    XL:     6   Next: 31%
Magic:  19/19      EV: 14    Int: 17    God:
Gold:   148        SH:  0    Dex: 13    Spells: 7/10 levels left

rFire    . . .     SeeInvis .   p - +2 dagger (flame)
rCold    . . .     Gourm    .   (no shield)
rNeg     . . .     Faith    .   (helmet restricted)
rPois    .         Spirit   .   (no amulet)
rElec    .         Reflect  .   o - ring of magical power
rCorr    .         Harm     .   (no ring)
MR       .....                  (no ring)
Stlth    ++++......             (no ring)
HPRegen  0.13/turn              (no ring)
MPRegen  0.16/turn              (no ring)
                                (no ring)
                                (no ring)

@: no status effects
A: almost no armour, stealthy swim, amphibious, 8 rings, constrict 8, camouflage
1, gelatinous body 1
a: no special abilities


You were on level 4 of the Dungeon.
You were hungry.

You visited 1 branch of the dungeon, and saw 4 of its levels.

You collected 148 gold pieces.

Inventory:

Hand Weapons
 p - a +2 dagger of flaming (weapon)
Missiles
 a - 12 arrows
 d - 138 stones (quivered)
 m - 8 silver javelins
Armour
 j - a +0 shield
Jewellery
 o - a ring of magical power (left tentacle)
Wands
 q - a wand of paralysis (6)
Scrolls
 e - 2 scrolls of magic mapping
 g - 3 scrolls of identify
Potions
 h - a potion of curing
 i - a potion of lignification
 k - a potion of degeneration {unknown}
Comestibles
 c - 7 rations


   Skills:
 + Level 2.4 Fighting
 + Level 1.6 Short Blades
 + Level 3.1 Dodging
 * Level 4.5 Stealth
 - Level 3.0 Unarmed Combat
 + Level 2.9 Spellcasting
 + Level 2.9 Transmutations


You had 7 spell levels left.
You knew the following spells:

 Your Spells              Type           Power        Failure   Level  Hunger
a - Beastly Appendage     Tmut           ##....       5%          1    #......
b - Sticks to Snakes      Tmut           ##......     8%          2    ##.....

Your spell library contained the following spells:

 Spells                   Type           Power        Failure   Level  Hunger
 Spider Form              Tmut/Pois      #.........   28%         3    ###....
 Ice Form                 Ice/Tmut       #.......     67%         4    #####..
 Blade Hands              Tmut           ##........   82%         5    ######.


Dungeon Overview and Level Annotations

Branches:
Dungeon (4/15)             Temple (0/1) D:4

Altars:
Ashenzari
Gozag
Makhleb
Qazlal
Vehumet
Zin

Annotations:
D:4 Sigmund


Innate Abilities, Weirdness & Mutations

You cannot wear most types of armour.
You are very stealthy in the water. (Stealth+)
You are amphibious.
You can wear up to eight rings at the same time.
You can use your tentacles to constrict eight enemies at once.
Your skin changes colour to match your surroundings (Stealth+).
Your rubbery body absorbs attacks. (AC +1, EV +1)


Message History

It is a scroll of identify.
e - 2 scrolls of magic mapping Sigmund hits you from afar with a cursed -1 scythe.
* * * LOW HITPOINT WARNING * * *
The adder closely misses you. The orc barely misses you.
As you read the scroll labeled JIEJUN PIRPHE, it crumbles to dust.
The scroll dissolves into smoke.
It was a scroll of fog.
The adder barely misses you.
Sigmund screams, "Only death can liberate you!"
Sigmund closely misses you. The orc barely misses you. The adder bites you.
* * * LOW HITPOINT WARNING * * *
The adder closely misses you.
You barely miss the adder. You grab the adder. You squeeze the adder!
You kill the adder!
The orc closely misses you.
You closely miss the orc. Your grab misses the orc.
The orc is heavily wounded.
The orc hits you with a +0 flail!
You die...

.......#.(#.#....#
.o.....#....#..#.##
.....#..#....##...##
..# ....>@..§...#
.##..§§#§§§##
#..#..§o#§§# .
#§#§§#..#
#.§§##o.###
...§§§@....#
.###§.§.......#
#.............
#....##.......
......#....#...
...........##...
##....... ... #.
........ ...


You could see an orc.

Vanquished Creatures
  A scorpion (D:4)
  An orc priest (D:4)
  A hound (D:2)
  2 orc wizards
  2 adders
  A worm (D:3)
  8 leopard geckos
  6 orcs
  12 bats
  7 giant cockroaches
  8 goblins
  10 hobgoblins
  3 jackals (D:2)
  A quokka (D:2)
  2 ball pythons
  5 frilled lizards
  14 kobolds
  7 rats
91 creatures vanquished.

Notes
Turn   | Place    | Note
-------+----------+-------------------------------------------
     0 | D:1      | Destapler the Octopode Transmuter began the quest for the
                  | Orb.
     0 | D:1      | Reached XP level 1. HP: 13/13 MP: 3/3
    35 | D:1      | Reached skill level 1 in Stealth
   188 | D:1      | Reached XP level 2. HP: 18/18 MP: 3/5
   207 | D:1      | Learned a level 2 spell: Sticks to Snakes
   535 | D:1      | Reached skill level 2 in Stealth
   535 | D:1      | Reached XP level 3. HP: 19/23 MP: 4/6
  1407 | D:2      | Found a burning altar of Makhleb.
  1410 | D:2      | Reached skill level 3 in Stealth
  1410 | D:2      | Reached XP level 4. HP: 23/29 MP: 7/7
  1456 | D:2      | Found a glowing silver altar of Zin.
  1457 | D:2      | Found a stormy altar of Qazlal.
  1457 | D:2      | Found a radiant altar of Vehumet.
  1458 | D:2      | Found an opulent altar of Gozag.
  2210 | D:3      | Found a shattered altar of Ashenzari.
  2315 | D:3      | Reached XP level 5. HP: 30/34 MP: 8/8
  2375 | D:3      | Reached skill level 1 in Short Blades
  2951 | D:4      | Found a staircase to the Ecumenical Temple.
  2963 | D:4      | Reached skill level 4 in Stealth
  3164 | D:4      | Noticed Sigmund
  3191 | D:4      | Reached XP level 6. HP: 35/40 MP: 10/10
  3220 | D:4      | HP: 2/41 [Sigmund/cursed -1 scythe (12)]
  3231 | D:4      | Slain by an orc

Levels and vault maps discovered:
D:1:      dpeg_arrival_morbid_curiosity, layout_loops_ring
D:2:      layout_basic, minitemple
D:3:      layout_loops_ring, lemuel_crystal_altar, kennysheep_generic_room_3
D:4:      layout_cave_pools, minmay_temple_entry_mini_moons, uniq_sigmund

Skill      XL: |  1  2  3  4  5 |
---------------+----------------+-----
Stealth        | 1 2 3 4 |  4.5
Fighting       | 2 |  2.4
Short Blades   | 1 |  1.6
Dodging        | 3 |  3.1
Unarmed Combat | |  3.0
Spellcasting   | |  2.9
Transmutations | |  2.9

Action                   |  1- 3 |  4- 6 || total
-------------------------+-------+-------++-------
Melee: Unarmed           |    66 |    10 ||    76
       Constrict         |    22 |    27 ||    49
       Kick              |    17 |     1 ||    18
       Tentacles         |    13 |     9 ||    22
       Dagger            |       |   144 ||   144
       Punch             |       |     2 ||     2
Throw: Throwing net      |       |     1 ||     1
 Cast: Beastly Appendage |    21 |     1 ||    22
  Use: Potion            |       |     4 ||     4
       Scroll            |       |     2 ||     2
 Stab: Sleeping          |     6 |    13 ||    19
       Distracted        |       |     1 ||     1
  Eat: Chunk             |     2 |     5 ||     7
Armor: Skin              |     5 |   113 ||   118
Dodge: Dodged            |    42 |    86 ||   128

Table legend:
 A = Non-vault XP
 B = Vault XP
 C = Vault XP percentage of total XP
 D = Non-vault monster count
 E = Vault monster count
 F = Vault count percentage of total count
                 A         B        C        D         E       F
            +---------+---------+-------+---------+---------+-------
      Total |     402 |      10 |   2.4 |      85 |       6 |   6.6
            +---------+---------+-------+---------+---------+-------
        D:1 |      36 |       9 |  20.0 |      20 |       5 |  20.0
        D:2 |     100 |       0 |   0.0 |      29 |       0 |   0.0
        D:3 |      95 |       1 |   1.0 |      30 |       1 |   3.2
        D:4 |     171 |       0 |   0.0 |       6 |       0 |   0.0
            +---------+---------+-------+---------+---------+-------
